 Dungeon Crawl Stone Soup version 0.25-a0-310-g60f0ac2 (webtiles) character file.

Game seed: 14584404102514186566, levelgen mode: deterministic

7837 Eglamore the Blocker (level 11, -21/93 (94) HPs)
             Began as a Minotaur Fighter on Dec 23, 2019.
             Was a High Priest of Okawaru.
             Demolished by Rupert
             ... wielding a +4 great mace of holy wrath
              (31 damage)
             ... on level 3 of the Lair of Beasts.
             The game lasted 00:31:02 (11708 turns).

Eglamore the Blocker (Minotaur Fighter)            Turns: 11708, Time: 00:31:03

HP:   -21/93 (94)   AC: 16    Str: 23    XL:     11   Next: 2%
MP:   10/10         EV:  9    Int:  5    God:    Okawaru [*****.]
Gold: 689           SH: 18    Dex: 11    Spells: 10/10 levels left

rFire    + . .     SeeInvis +   t - +1 war axe (vamp)
rCold    + . .     Gourm    .   c - +0 shield
rNeg     + . .     Faith    .   n - +3 chain mail
rPois    .         Spirit   .   (helmet restricted)
rElec    .         Reflect  +   o - scarf {rC+ rF+}
rCorr    .         Harm     .   l - +1 pair of gloves
MR       .....                  (no boots)
Stlth    ..........             C - +6 amulet of reflection
HPRegen  0.25/turn              b - ring of positive energy
MPRegen  0.12/turn              p - ring of see invisible

@: heavily drained
A: retaliatory headbutt, horns 2, blurry vision 1, sense surroundings 1
a: Heroism, Finesse, Renounce Religion


You were on level 3 of the Lair of Beasts.
You worshipped Okawaru.
Okawaru was extremely pleased with you.
You were not hungry.

You visited 2 branches of the dungeon, and saw 12 of its levels.

You collected 689 gold pieces.

Inventory:

Hand Weapons
 t - a +1 vampiric war axe (weapon)
Armour
 c - a +0 shield (worn)
 l - a +1 pair of gloves (worn)
 n - a +3 chain mail (worn)
 o - a scarf of resistance (worn)
Jewellery
 b - a ring of positive energy (left hand)
 p - a ring of see invisible (right hand)
 r - an uncursed amulet of harm
 C - a +6 amulet of reflection (around neck)
Wands
 a - a wand of iceblast (5)
 A - a wand of random effects (16)
 F - a wand of paralysis (18)
Scrolls
 j - 4 scrolls of remove curse
 m - a scroll of identify
 q - 5 scrolls of teleportation
 s - a scroll of enchant armour
 v - a scroll of enchant weapon
 w - 2 scrolls of magic mapping
Potions
 h - 3 potions of flight
 i - 5 potions of haste
 k - a potion of brilliance
 u - 8 potions of curing
 x - a potion of magic
 G - a potion of heal wounds
Comestibles
 f - 9 rations


   Skills:
 + Level 8.2(6.3) Fighting
 + Level 8.5(6.7) Axes
   Level 2.1(3.9) Maces & Flails
 + Level 10.2(8.2) Armour
 + Level 6.3(4.5) Dodging
 - Level 0.1(0.0) Stealth
 + Level 12.3(10.2) Shields


You had 10 spell levels left.
You didn't know any spells.
Your spell library contained the following spells:

 Spells                   Type           Power        Failure   Level  Hunger
 Recall                   Summ/Tloc      N/A          100%        3    ####...
 Animate Dead             Necr           N/A          100%        4    #####..
 Borgnjor's Vile Clutch   Necr/Erth      #.........   100%        5    ######.
 Death Channel            Necr           #.........   100%        6    #######
 Simulacrum               Ice/Necr       #.........   100%        6    #######


Dungeon Overview and Level Annotations

Branches:
Dungeon (9/15)             Temple (0/1) D:5            Lair (3/6) D:9
  Snake (0/4) Lair:2
  Swamp: Lair:2-4    Shoals: Lair:2-4       Orc: D:9-12

Altars:
Ashenzari
Dithmenos
Okawaru
Qazlal
Sif Muna
Trog
Xom

Annotations:
D:8 1 runed translucent door, jiveturtle's ghost, novice DrCj
D:9 2 transporters, Dietz's ghost, novice DrCj
Lair:3 Rupert


Innate Abilities, Weirdness & Mutations

You reflexively headbutt those who attack you in melee.
You have a pair of horns on your head.
Scrolls take you a little longer to read.
You passively map a small area around you.


Message History

You can move again.
You hear a shout!
You block Rupert's attack.
You feel like a meek peon again. Rupert misses you.
There is a stone staircase leading up here.
You block Rupert's attack.
You climb upwards.
There is a stone staircase leading down here.
Things that are here:
a -3 ring of protection; a +0 cloak Magic restored.
Rupert hits you with a +4 great mace of holy wrath!
* * * LOW HITPOINT WARNING * * *
Rupert hits you with a +4 great mace of holy wrath!
* * * LOW HITPOINT WARNING * * *
You climb downwards.
There is a stone staircase leading up here.
Rupert hits you with a +4 great mace of holy wrath!!
You die...

..#.##....##...#.##### .#
*
##†..#...............#..##
##........##.............#
.##..##...##...P.#...#...P
.....##P..###.P.<..##...#
......##..# #.#....#P..>##
.........# #.#.....P....#
..#.##...####...........#
..#.##.##.##.#..@.#P....#
....#...........@<.....##
...........P.......#P###
..#....#...####..#####**
..P..####.## #P..#,#.# **
, #......#...# ##..##.# ,
#.P........####..#.#* ,,.
.....P##..#...#....### .#*
,
#....P##.............#..#.


You could see Rupert (berserk).

Vanquished Creatures
  2 spiny frogs
  A rime drake (Lair:1)
  2 komodo dragons
  2 hippogriffs
  4 yaks (Lair:3)
  A wyvern (Lair:1)
  A steam dragon (D:7)
  Grum (D:8)
  A hungry ghost (D:7)
  2 nagas (Lair:2)
  6 water moccasins
  4 porcupines
  An ice beast (D:5)
  A sky beast (D:8)
  A necrophage (D:9)
  2 black bears
  A phantom (D:8)
  2 ogres
  8 wolves
  2 centaurs
  2 crocodiles
  A big kobold (D:9)
  6 bullfrogs
  10 killer bees
  A howler monkey (D:6)
  6 crimson imps
  A bullfrog zombie (D:8)
  A jelly (D:7)
  4 hounds
  5 orc priests
  2 iguanas
  7 orc wizards
  6 worker ants
  A hound skeleton (D:7)
  A worker ant zombie (D:5)
  7 adders
  2 adder zombies
  An adder skeleton (D:6)
  A worm (D:2)
  3 dart slugs
  5 leopard geckos
  21 orcs
  2 bats
  6 giant cockroaches
  11 goblins
  7 hobgoblins
  4 jackals (D:1)
  7 kobolds
  2 quokkas
  2 ball pythons
  2 frilled lizards
  A leopard gecko skeleton (D:4)
  A leopard gecko zombie (D:5)
  A quokka zombie (D:6)
  2 rats (D:1)
  A fungus (Lair:3)
188 creatures vanquished.

Vanquished Creatures (others)
  A centaur (D:9)
  A fungus (Lair:1)
  A plant (Lair:3)
3 creatures vanquished.

Grand Total: 191 creatures vanquished

Notes
Turn   | Place    | Note
-------+----------+-------------------------------------------
     0 | D:1      | Eglamore the Minotaur Fighter began the quest for the Orb.
     0 | D:1      | Reached XP level 1. HP: 19/19 MP: 0/0
    99 | D:1      | Reached XP level 2. HP: 21/27 MP: 1/1
   368 | D:1      | Reached skill level 4 in Shields
   660 | D:1      | Reached XP level 3. HP: 32/33 MP: 2/2
  1114 | D:2      | Found a bloodstained altar of Trog.
  1495 | D:3      | Found a faded altar of an unknown god.
  1515 | D:3      | Reached XP level 4. HP: 32/40 MP: 3/3
  1671 | D:3      | Found a shattered altar of Ashenzari.
  1785 | D:3      | Reached skill level 1 in Dodging
  1938 | D:3      | Reached skill level 1 in Maces & Flails
  1943 | D:3      | Found an iron altar of Okawaru.
  2074 | D:3      | Became a worshipper of Warmaster Okawaru
  2116 | D:4      | Found a shimmering altar of Xom.
  2537 | D:4      | Reached XP level 5. HP: 47/47 MP: 4/4
  2647 | D:4      | Found a shimmering blue altar of Sif Muna.
  2877 | D:4      | Reached skill level 5 in Armour
  3304 | D:5      | Entered Level 5 of the Dungeon
  3464 | D:5      | Reached skill level 5 in Shields
  3560 | D:5      | Noticed a water moccasin
  3569 | D:5      | Killed a water moccasin
  3569 | D:5      | Reached * piety under Okawaru
  3569 | D:5      | Reached XP level 6. HP: 38/53 MP: 5/5
  3573 | D:5      | Found a stormy altar of Qazlal.
  3620 | D:5      | Found a staircase to the Ecumenical Temple.
  3635 | D:5      | Noticed an ice beast
  3646 | D:5      | Killed an ice beast
  4162 | D:5      | Got a faintly glowing ring mail
  4173 | D:5      | Identified the cursed +1 ring mail of the Sunfish {rCorr
                  | SInv Stlth+} (You found it on level 5 of the Dungeon)
  4747 | D:6      | Reached skill level 6 in Shields
  4747 | D:6      | Reached XP level 7. HP: 60/60 MP: 6/6
  4797 | D:6      | Reached skill level 5 in Fighting
  5614 | D:6      | Reached skill level 7 in Shields
  5859 | D:7      | Noticed a steam dragon
  5871 | D:7      | Killed a steam dragon
  5871 | D:7      | Reached ** piety under Okawaru
  5871 | D:7      | Reached XP level 8. HP: 21/70 MP: 5/7
  6185 | D:7      | Paralysed by fainting for 10 turns
  6211 | D:7      | Reached skill level 8 in Shields
  6599 | D:7      | Found a shadowy altar of Dithmenos.
  7394 | D:8      | Noticed a hippogriff
  7412 | D:7      | Killed a hippogriff
  7412 | D:7      | Reached *** piety under Okawaru
  7412 | D:7      | Reached skill level 5 in Dodging
  7412 | D:7      | Reached skill level 9 in Shields
  7412 | D:7      | Reached XP level 9. HP: 59/78 MP: 5/8
  7730 | D:8      | Noticed Grum
  7757 | D:8      | Killed Grum
  7766 | D:8      | Reached skill level 10 in Shields
  8122 | D:8      | Found a runed translucent door.
  8122 | D:8      | Found a shimmering altar of Xom.
  8122 | D:8      | Noticed jiveturtle's ghost (novice DrCj)
  8122 | D:8      | Noticed a +1 quarterstaff of chaos
  8381 | D:8      | Reached **** piety under Okawaru
  8405 | D:8      | Identified a scroll of acquirement
  8591 | D:9      | Found a transporter.
  8596 | D:9      | Noticed a moth of wrath
  8597 | D:9      | Noticed Dietz's ghost (novice DrCj)
  8597 | D:9      | Noticed a komodo dragon
  8650 | D:9      | Found a transporter.
  8661 | D:9      | Reached skill level 5 in Axes
  8694 | D:9      | Found a staircase to the Lair.
  8702 | Lair:1   | Entered Level 1 of the Lair of Beasts
  8866 | Lair:1   | Noticed a rime drake
  8880 | Lair:1   | Killed a rime drake
  8880 | Lair:1   | Reached XP level 10. HP: 73/85 MP: 6/9
  9014 | Lair:1   | Reached skill level 11 in Shields
  9059 | Lair:1   | Reached ***** piety under Okawaru
  9334 | Lair:1   | Noticed a spiny frog
  9346 | Lair:1   | Killed a spiny frog
  9779 | Lair:1   | Gained mutation: Scrolls take you a little longer to read.
                  | [potion of mutation]
  9779 | Lair:1   | Gained mutation: You passively map a small area around you.
                  | [potion of mutation]
  9987 | Lair:2   | Found a staircase to the Snake Pit.
  9999 | Lair:2   | Received a gift from Okawaru
 10584 | Lair:3   | Reached skill level 12 in Shields
 10593 | Lair:3   | Reached skill level 10 in Armour
 10718 | Lair:3   | Noticed a spiny frog
 10728 | Lair:3   | Killed a spiny frog
 10728 | Lair:3   | Received a gift from Okawaru
 10728 | Lair:3   | Reached XP level 11. HP: 58/93 MP: 10/10
 10966 | Lair:3   | Noticed Rupert
 10967 | Lair:3   | Paralysed by Rupert for 7 turns
 10996 | Lair:3   | Paralysed by Rupert for 6 turns
 11691 | Lair:3   | Paralysed by Rupert for 7 turns
 11708 | Lair:3   | Demolished by Rupert

Levels and vault maps discovered:
D:1:      dpeg_arrival_snail, layout_basic
D:2:      layout_rooms, bloody_trog
D:3:      layout_basic, okawaru_metal_pillars_1_2, overflow_temple_1_default,
          first_ration, chequers_ecumenical_altar_lobes, chequers_arboretum
D:4:      layout_layer_cave, led_sif_pool, lemuel_crystal_altar, serial_forest,
          infiniplex_forest_clump_long, infiniplex_forest_clump_cross,
          infiniplex_forest_clump_diagonal, infiniplex_forest_clump_medium,
          infiniplex_forest_end_3, infiniplex_forest_clump_medium,
          infiniplex_forest_straight_4
D:5:      layout_basic, marbit_many_paths, minmay_temple_entry_slanted,
          chequers_serial_rivers_micro_a
D:6:      layout_basic
D:7:      layout_gridville, overflow_temple_1_default, kennysheep_generic_room_4
D:8:      layout_rooms, ebering_ghost_xom, uniq_grum
D:9:      layout_loops_ring, makhleb_blood_cavern_becter, lair_entry_dummy,
          gammafunk_ghost_berserking_beasts, uniq_psyche, uniq_maurice
Lair:1:   layout_layer_cave
Lair:2:   layout_gridlike, guppyfry_snake_entry_island, ldierk_geyser
Lair:3:   layout_loops_ring, nicolae_swamp_entry_splash_gauntlet,
          grunt_megastairs_3, uniq_rupert

Skill      XL: |  1  2  3  4  5  6  7  8  9 10 |
---------------+-------------------------------+-----
Armour         | 4 5 6 7 8 9 10 | 10.2
Shields        | 4 5 6 7 9 10 12 | 12.3
Fighting       | 4 5 6 7 8 |  8.2
Axes           | 3 5 8 |  8.5
Dodging        | 1 2 3 5 6 |  6.3
Maces & Flails | 1 2 |  2.1
Stealth        | |  0.1

Action                   |  1- 3 |  4- 6 |  7- 9 | 10-12 || total
-------------------------+-------+-------+-------+-------++-------
Melee: War axe           |    65 |       |   107 |   190 ||   362
       Headbutt          |    16 |    39 |    52 |    38 ||   145
       Mace              |    36 |   112 |       |       ||   148
       Scimitar          |       |    51 |   255 |       ||   306
Invok: Heroism           |       |     1 |    10 |     2 ||    13
  Use: Scroll            |     4 |     6 |    11 |     6 ||    27
       Potion            |       |       |     3 |     2 ||     5
 Stab: Sleeping          |       |       |     2 |       ||     2
       Distracted        |       |       |     1 |       ||     1
  Eat: Chunk             |     1 |     6 |    13 |     4 ||    24
       Ration            |       |     1 |     1 |     2 ||     4
Armor: Scale mail        |    44 |       |       |       ||    44
       Chain mail        |     3 |    87 |    36 |    57 ||   183
       Ring mail         |       |     3 |   138 |       ||   141
Dodge: Dodged            |    30 |    45 |   199 |    61 ||   335
Block: Shield            |    45 |    87 |   366 |   200 ||   698
       Reflection        |       |       |     3 |     2 ||     5
       Rpst.: Scimitar   |       |     6 |    47 |       ||    53

Table legend:
 A = Non-vault XP
 B = Vault XP
 C = Vault XP percentage of total XP
 D = Non-vault monster count
 E = Vault monster count
 F = Vault count percentage of total count
                 A         B        C        D         E       F
            +---------+---------+-------+---------+---------+-------
      Total |    9948 |    1249 |  11.2 |     181 |       7 |   3.7
            +---------+---------+-------+---------+---------+-------
        D:1 |      51 |       0 |   0.0 |      26 |       0 |   0.0
        D:2 |      37 |       0 |   0.0 |      10 |       0 |   0.0
        D:3 |      65 |       0 |   0.0 |      19 |       0 |   0.0
        D:4 |     131 |       0 |   0.0 |       6 |       0 |   0.0
        D:5 |     283 |     142 |  33.4 |       8 |       1 |  11.1
        D:6 |     703 |       0 |   0.0 |      19 |       0 |   0.0
        D:7 |    1565 |       0 |   0.0 |      23 |       0 |   0.0
        D:8 |    1130 |     408 |  26.5 |      28 |       3 |   9.7
        D:9 |     656 |       0 |   0.0 |      12 |       0 |   0.0
     Lair:1 |    2866 |       0 |   0.0 |      16 |       0 |   0.0
     Lair:2 |     561 |     310 |  35.6 |       3 |       2 |  40.0
     Lair:3 |    1900 |     389 |  17.0 |      11 |       1 |   8.3
            +---------+---------+-------+---------+---------+-------
